AoeStats
← Trump2028

QS Arena

503694622Analyzed
4v4 RM · 29d ago on Sep 1, 2026· 40m 25s· 8 players
Game mode
Random Map
Map size
Large (8 player)
Population
200
Speed
Normal
Resources
Standard
Victory
Conquest
Starting age
Dark Age
Ending age
Imperial Age
RankedLock teamsTeams togetherTeam positionsShared explorationLock speedFull tech treeHidden civsTurbo modeCheats
Victory
Defeat
🇲🇽 Bohemians · Mexico
977
+15
🇹🇼 Khmer · Taiwan
969
+15
🇪🇸 Sicilians · Spain
884
+19
🇱🇺 Lithuanians · Luxembourg
861
+20
🇦🇷 Mapuche · Argentina
1006
-20
🇺🇸 Byzantines · United States
961
-18
🇧🇷 Dravidians · Brazil
926
-16
🇻🇪 Bengalis · Venezuela
900
-15
Trump2028
0:30 Loom
10:29 Feudal Age
11:47 Wheelbarrow
10:55 Horse Collar
11:08 Double-Bit Axe
19:14 Castle Age
19:08 Forging
19:04 Scale Barding Armor
20:16 Hand Cart
20:29 Heavy Plow
21:05 Light Cavalry
25:50 Husbandry
26:16 Bow Saw
26:57 Iron Casting
31:58 Imperial Age
29:58 Chain Barding Armor
29:30 Fletching
29:40 Padded Archer Armor
30:56 Elite Skirmisher
31:46 Thumb Ring
32:50 Gold Mining
33:30 Conscription
33:46 Bodkin Arrow
35:25 Gold Shaft Mining
34:38 Hussar
37:57 Bracer
38:12 Leather Archer Armor
38:35 Plate Barding Armor
BearGrellos
0:32 Loom
9:07 Feudal Age
11:24 Town Watch
12:15 Wheelbarrow
11:28 Double-Bit Axe
24:57 Castle Age
25:03 Horse Collar
27:41 Gold Mining
27:52 Heavy Plow
28:03 Bow Saw
29:27 Hand Cart
31:54 Forging
31:44 Scale Mail Armor
34:50 Iron Casting
34:31 Chain Mail Armor
the King
10:02 Feudal Age
12:45 Loom
15:20 Castle Age
14:07 Double-Bit Axe
14:34 Horse Collar
15:34 Stone Mining
18:33 Fletching
18:44 Padded Archer Armor
26:02 Heavy Plow
30:42 Imperial Age
28:29 Bodkin Arrow
30:47 Siege Elephant
32:40 Scale Barding Armor
JBS
8:48 Feudal Age
11:07 Loom
14:10 Castle Age
12:58 Stone Mining
13:00 Double-Bit Axe
12:59 Horse Collar
15:34 Bow Saw
15:26 Heavy Plow
17:06 Forging
16:46 Fletching
17:43 Town Watch
22:47 Padded Archer Armor
23:28 Gold Mining
24:13 Elite Skirmisher
26:07 Bodkin Arrow
26:27 Leather Archer Armor
26:56 Leather Archer Armor
29:24 Ballistics
29:57 Iron Casting
29:07 Treadmill Crane
30:09 Wheelbarrow
30:54 Masonry
♛ | Chief LeToré
8:28 Feudal Age
12:51 Castle Age
11:04 Horse Collar
12:19 Double-Bit Axe
13:03 Padded Archer Armor
15:14 Leather Archer Armor
17:50 Chemistry
20:34 Loom
23:19 Pikeman
27:13 Scale Mail Armor
27:24 Forging
28:50 Wheelbarrow
28:01 Elite Skirmisher
29:08 Town Watch
32:00 Fletching
34:33 Bodkin Arrow
40:50 Imperial Age
40:50 Hand Cart
40:35 Town Patrol
41:10 Fervor
41:22 Sanctity
lil_luzツ
8:16 Feudal Age
8:46 Double-Bit Axe
8:43 Horse Collar
15:31 Castle Age
16:55 Bow Saw
16:47 Heavy Plow
18:00 Fervor
25:54 Treadmill Crane
29:23 Imperial Age
27:34 Ballistics
28:06 Forging
28:01 Scale Barding Armor
29:28 Iron Casting
29:29 Elite Leitis
30:31 Conscription
30:59 Chain Barding Armor
37:08 Two-Man Saw
37:52 Crop Rotation
40:08 Herbal Medicine
Pelanuski
0:53 Loom
9:42 Feudal Age
14:01 Castle Age
15:02 Wheelbarrow
14:25 Double-Bit Axe
16:41 Bow Saw
17:58 Horse Collar
19:13 Fletching
21:10 Heavy Plow
21:01 Pikeman
23:11 Bodkin Arrow
23:26 Forging
23:19 Scale Mail Armor
23:24 Scale Barding Armor
23:41 Hand Cart
26:07 Husbandry
27:57 Bloodlines
28:18 Town Watch
34:26 Imperial Age
34:14 Chain Mail Armor
35:14 Light Cavalry
36:02 Crossbowman
38:16 Crop Rotation
38:45 Iron Casting
39:07 Squires
38:27 Pikeman
40:02 Halberdier
臥龍鳳雛
9:40 Feudal Age
13:32 Castle Age
11:24 Horse Collar
11:51 Double-Bit Axe
12:22 Stone Mining
12:48 Gold Mining
14:29 Bow Saw
14:24 Heavy Plow
22:39 Wheelbarrow
24:47 Stone Shaft Mining
24:53 Gold Shaft Mining
24:44 Hand Cart
29:49 Imperial Age
29:53 Padded Archer Armor
29:44 Fletching
30:00 Scale Barding Armor
30:36 Ballistics
30:27 Bodkin Arrow
30:50 Leather Archer Armor
31:38 Chemistry
31:01 Conscription
31:16 Crop Rotation
31:20 Chain Barding Armor
31:04 Double Crossbow
32:19 Ring Archer Armor
33:09 Plate Barding Armor
33:18 Bracer
33:29 Elite Ballista Elephant
Connection lost

Rejoining the realm…

Still unreachable

The connection could not be restored.

Session expired

The server has moved on; the page needs a fresh start.